Map: Автоматон РВ

Players

Murena - Winner!

  • Race: Terran Terran
  • Spawn Location: 3:00

ИИ 1 (эксперт)

  • Race: Zerg Zerg
  • Spawn Location: 9:00

VOD

Have the link to the VOD?

Description

Time

  • Played on: Feb. 4, 2019, 4:47 p.m.
  • Length: 9:48
Show
View Real Time Build Order
Export as new Build Order

Murena Terran - Winner!

Build Orders: Command Center First (CC) 

Get SALT Encoding   

  12  0:00  SCV  
  13  0:12  SCV  
  14  0:21  Supply Depot  
  14  0:24  SCV  
  15  0:59  Command Center  
  15  1:02  SCV  
  16  1:13  Barracks  
  16  1:17  SCV  
  17  1:25  Refinery  
  17  1:29  SCV  
  18  1:42  SCV  
  19  1:50  Barracks  
  19  1:54  SCV  
  19  2:00  Marine  
  21  2:06  SCV  
  22  2:14  Refinery, SCV  
  23  2:20  Marine  
  23  2:21  Bunker  
  25  2:22  SCV  
  25  2:27  SCV  
  26  2:37  Factory  
  26  2:43  Marine  
  26  2:44  Marine  
  28  2:47  SCV  
  28  2:49  SCV  
  30  2:57  Supply Depot  
  30  3:01  SCV  
  30  3:02  Barracks Reactor  
  31  3:05  Marine  
  31  3:10  SCV  
  33  3:15  SCV  
  34  3:22  Factory Tech Lab  
  34  3:24  Orbital Command  
  34  3:28  SCV  
  34  3:29  Barracks Tech Lab  
  35  3:38  Factory  
  35  3:41  SCV  
  36  3:43  Marine  
  36  3:44  Marine  
  38  3:51  Hellion  
  38  3:52  SCV  
  38  3:55  SCV  
  42  3:58  Marauder  
  44  4:03  Supply Depot  
  44  4:06  Concussive Shells  
  44  4:08  SCV  
  44  4:09  Marine  
  46  4:15  Supply Depot  
  46  4:20  Orbital Command  
  46  4:23  Factory Tech Lab  
  46  4:26  Marine, Marauder  
  46  4:28  Marine  
  50  4:34  Cyclone  
  50  4:37  SCV  
  54  4:44  Engineering Bay  
  54  4:46  Cyclone  
  54  4:47  Marine  
  54  4:50  Combat Shield  
  58  4:57  SCV  
  58  4:58  SCV  
  58  4:59  Marine  
  61  5:00  Supply Depot  
  61  5:03  Marauder  
  63  5:09  SCV  
  63  5:10  Cyclone  
  63  5:11  SCV  
  68  5:15  Terran Infantry Weapons Level 1  
  68  5:17  Marine  
  69  5:22  Hellion  
  69  5:24  Marauder  
  69  5:25  SCV  
  69  5:26  SCV  
  75  5:31  Missile Turret  
  75  5:34  Missile Turret  
  75  5:36  Refinery  
  75  5:38  Marine x2  
  77  5:44  Supply Depot  
  77  5:46  SCV  
  78  5:50  Armory  
  78  5:57  Barracks  
  78  6:06  Supply Depot  
  78  6:07  Marauder  
  78  6:08  Marine x2  
  78  6:10  Hellion  
  86  6:11  Hellion  
  86  6:17  Stimpack  
  86  6:24  Starport  
  86  6:25  Supply Depot  
  86  6:33  Refinery  
  86  6:34  Cyclone  
  86  6:36  Marine  
  86  6:37  Marine x2  
  92  6:47  Barracks Tech Lab  
  92  6:53  Thor  
  98  6:55  Marine  
  98  6:59  Supply Depot  
  101  7:08  Marine, Marauder  
  101  7:12  Starport Reactor  
  101  7:13  Command Center  
  102  7:20  Supply Depot  
  102  7:21  Marine  
  103  7:25  Missile Turret  
  103  7:26  Siege Tank  
  103  7:28  Marine x2  
  110  7:30  Marauder  
  110  7:39  Supply Depot  
  110  7:42  SCV  
  110  7:43  Barracks, SCV  
  114  7:51  Marine x2, Marauder  
  114  7:52  Marine  
  114  7:54  SCV  
  114  7:57  Unknown  
  115  8:01  Supply Depot  
  115  8:04  Supply Depot  
  103  8:06  Hellion  
  103  8:10  Medivac, Marauder  
  103  8:12  Medivac  
  106  8:16  Marine x2  
  106  8:17  SCV  
  106  8:19  SCV  
  110  8:25  Marauder  
  112  8:31  Marine  
  113  8:36  Planetary Fortress  
  113  8:38  Missile Turret  
  108  8:41  Refinery  
  108  8:43  Barracks Tech Lab  
  104  8:58  Engineering Bay  
  104  9:00  Starport  
  104  9:02  Factory  
  93  9:13  Marauder  
  93  9:14  Marine x4  
  93  9:15  SCV  
  93  9:16  SCV  
Show
View Real Time Build Order
Export as new Build Order

ИИ 1 (эксперт) Zerg 

Build Orders: Pool First 

Get SALT Encoding   

  12  0:00  Drone  
  13  0:12  Overlord  
  13  0:18  Drone  
  14  0:30  Drone  
  14  0:31  Drone  
  16  0:44  Spawning Pool  
  16  0:46  Drone  
  16  0:50  Drone  
  17  1:15  Hatchery, Drone  
  17  1:18  Extractor  
  17  1:21  Drone  
  17  1:24  Extractor  
  16  1:27  Drone  
  16  1:31  Drone  
  18  1:38  Drone  
  19  1:49  Overlord  
  19  1:58  Queen  
  21  2:03  Zergling x2  
  22  2:10  Drone  
  23  2:26  Queen  
  25  2:30  Drone  
  27  2:37  Drone  
  27  2:41  Drone  
  28  2:46  Drone  
  29  2:59  Roach Warren  
  29  3:01  Drone  
  29  3:04  Drone  
  30  3:08  Zergling x2  
  30  3:11  Zergling x2  
  32  3:17  Overlord  
  32  3:20  Drone  
  32  3:23  Drone  
  34  3:39  Roach  
  34  3:40  Roach x2  
  40  3:41  Roach  
  40  3:47  Lair  
  42  3:52  Overlord  
  42  3:57  Overlord  
  42  4:00  Zergling x2  
  42  4:02  Zergling x2  
  44  4:10  Zergling x2, Drone x2  
  44  4:12  Drone  
  44  4:15  Drone  
  49  4:18  Drone  
  49  4:23  Overlord  
  50  4:27  Roach  
  50  4:30  Roach  
  54  4:34  Roach  
  54  4:37  Roach  
  58  4:40  Overlord  
  58  4:46  Hydralisk Den  
  58  4:47  Drone  
  58  4:50  Drone  
  58  4:51  Drone  
  60  4:55  Roach  
  60  4:58  Roach  
  64  5:05  Drone  
  64  5:06  Drone  
  66  5:10  Overlord  
  66  5:13  Drone  
  67  5:15  Drone  
  67  5:16  Hydralisk  
  67  5:18  Hydralisk  
  67  5:21  Drone  
  73  5:22  Drone  
  73  5:24  Drone  
  73  5:27  Drone  
  76  5:28  Drone  
  76  5:32  Overlord  
  76  5:34  Drone  
  79  5:35  Drone  
  79  5:40  Drone x2  
  79  5:41  Drone  
  82  5:45  Infestation Pit  
  82  5:48  Drone  
  82  5:52  Overlord  
  82  6:01  Metabolic Boost  
  82  6:03  Evolution Chamber  
  81  6:05  Drone  
  81  6:10  Hatchery  
  81  6:21  Ravager x2  
  81  6:22  Infestor, Evolution Chamber  
  81  6:23  Drone  
  81  6:25  Roach  
  87  6:27  Roach  
  87  6:30  Overlord  
  87  6:31  Zerg Melee Weapons Level 1  
  89  6:38  Evolution Chamber  
  88  6:42  Extractor  
  88  6:43  Drone  
  88  6:44  Extractor, Drone  
  88  6:47  Zerg Ground Armor Level 1, Infestor  
  90  6:56  Hydralisk  
  92  7:04  Zerg Missile Weapons Level 1  
  92  7:05  Hydralisk, Drone x2, Spine Crawler  
  92  7:06  Overlord, Drone x3  
  92  7:07  Drone  
  99  7:19  Overseer  
  99  7:22  Spine Crawler  
  98  7:23  Drone x2  
  98  7:24  Drone x4  
  98  7:25  Drone x4  
  98  7:26  Overlord  
  98  7:29  Extractor, Drone  
  108  7:33  Drone x2  
  108  7:34  Drone  
  111  7:43  Drone  
  111  7:44  Drone x2  
  113  7:47  Roach, Infestor, Drone  
  119  7:51  Drone  
  119  7:53  Overlord, Baneling Nest  
  119  7:56  Drone  
  96  8:06  Zergling x2  
  96  8:10  Roach  
  96  8:12  Roach  
  84  8:14  Roach  
  84  8:17  Roach  
  84  8:18  Zergling x2, Roach  
  89  8:20  Hydralisk  
  89  8:23  Hydralisk  
  89  8:24  Hatchery  
  89  8:25  Drone  
  81  8:28  Zergling x2  
  81  8:32  Roach  
  84  8:35  Drone  
  84  8:38  Baneling  
  50  8:56  Zergling x2  
  50  8:59  Zergling x2  
  39  9:04  Roach  
  39  9:08  Roach  
  43  9:21  Roach  
  44  9:25  Zergling x2  
  44  9:28  Zergling x2  
  44  9:29  Roach  
Tags
 
Add a new tag
Caveats
  • Supply blocks, unpowered buildings, or Contaminate may cause inaccurate times.
  • Supply counts are checked every 10 seconds.